 Dungeon Crawl Stone Soup version 0.28.0 (webtiles) character file.

Game seed: 6957898401246318529

837 BALLS the Slasher (level 7, 0/38 HPs)
             Began as a Vine Stalker Fighter on Feb 4, 2022.
             Succumbed to a hornet's poison
             ... on level 5 of the Dungeon.
             The game lasted 00:07:57 (4038 turns).

BALLS the Slasher (Vine Stalker Fighter)            Turns: 4038, Time: 00:07:58

Health: 0/38       AC: 10    Str: 27    XL:     7   Next: 99%
Magic:  1/8        EV:  8    Int:  8    God:
Gold:   125        SH:  8    Dex: 13    Spells: 6/6 levels left

rFire   . . .      SeeInvis .   a - +0 long sword
rCold   . . .      Faith    .   j - +0 kite shield
rNeg    . . .      Spirit   +   b - +0 scale mail
rPois   +          Reflect  .   m - +0 helmet
rElec   .          Harm     .   p - +2 cloak
rCorr   .          Rampage  .   (no gloves)
Will    .....                   (no boots)
Stlth   ..........              (no amulet)
HPRegen 0.92/turn               k - +6 ring of strength
MPRegen 0.11/turn               d - ring of poison resistance

@: lethally poisoned (0 -> -7)
A: fangs 2, regeneration 1, magic shield, antimagic bite, no potion heal 2
a: no special abilities


You were on level 5 of the Dungeon.
You visited 1 branch of the dungeon, and saw 5 of its levels.

You collected 125 gold pieces.

Inventory:

Hand Weapons
 a - a +0 long sword (weapon)
Missiles
 c - 5 curare-tipped darts (quivered)
Armour
 b - a +0 scale mail (worn)
 j - a +0 kite shield (worn)
 m - a +0 helmet (worn)
 p - a +2 cloak (worn)
Jewellery
 d - a ring of poison resistance (right hand)
 k - a +6 ring of strength (left hand)
Scrolls
 g - 3 scrolls of fear {unknown}
 n - 4 scrolls of teleportation
Potions
 e - a potion of might
 f - 3 potions of curing
 h - a potion of lignification {unknown}
 i - 2 potions of attraction {unknown}
 l - 2 potions of mutation {unknown}
 o - 3 potions of flight {unknown}


   Skills:
 + Level 4.9 Fighting
 - Level 7.0 Long Blades
 - Level 2.4 Armour
 - Level 2.6 Shields


You had 6 spell levels left.
You didn't know any spells.
Your spell library contained the following spells:

 Spells                   Type           Power      Damage    Failure   Level
 Animate Skeleton         Necr           0%         N/A       97%         1
 Apportation              Tloc           0%         N/A       97%         1
 Summon Small Mammal      Summ           0%         N/A       97%         1
 Corpse Rot               Necr/Air       0%         N/A       99%         2
 Poisonous Vapours        Pois/Air       0%         N/A       99%         2
 Conjure Flame            Conj/Fire      0%         6-21      100%        3
 Ignite Poison            Fire/Tmut/Pois 0%         N/A       100%        3
 Ozocubu's Armour         Ice            0%         N/A       100%        3
 Sticky Flame             Conj/Fire      0%         2d3       100%        4
 Metabolic Englaciation   Hex/Ice        0%         N/A       100%        5
 Simulacrum               Ice/Necr       0%         N/A       100%        6


Dungeon Overview and Level Annotations

Branches:
Dungeon (5/15)
 Temple: D:4-7

Altars:
Ashenzari
Dithmenos
Ru
Yredelemnul
Zin

Shops:
D:2 (   D:4 :


Innate Abilities, Weirdness & Mutations

You have extremely sharp teeth.
Your natural rate of healing is unusually fast.
When hurt, damage is shared between your health and your magic reserves.
Your bite disrupts and absorbs the magic of your enemies.
Potions cannot restore your health.


Message History

You see here a +0 club.
You see here a +0 club.
Found a flail.
You hit the hornet.
The hornet is lightly wounded.
You block the hornet's attack. The hornet stings you!
You hit the hornet but do no damage. You bite the hornet, but do no damage.
The hornet is lightly wounded.
You block the hornet's attack. The hornet misses you.
You slash the hornet! You bite the hornet. You drain its power.
You feel invigorated.
The hornet is heavily wounded.
You block the hornet's attack. The hornet stings you.
You are poisoned.
You miss the hornet. Your bite misses the hornet.
The hornet is heavily wounded.
You feel very sick. You block the hornet's attack.
The hornet barely misses you.
You miss the hornet. Your bite misses the hornet.
The hornet is heavily wounded.
You feel sick. The hornet stings you. x2
You are more poisoned.
You slash the hornet!
The hornet is almost dead.
You feel very sick.
The hornet stings you but does no damage.
The hornet stings you.
* * * LOW HITPOINT WARNING * * *
You suddenly lose the ability to move!
You feel very sick. The hornet stings you!
* * * LOW HITPOINT WARNING * * *
You can move again.
Your system rejects the healing.
You feel better. The hornet stings you.
* * * LOW HITPOINT WARNING * * *
You are lethally poisoned!
The hornet stings you but does no damage.
You miss the hornet. Your bite misses the hornet.
The hornet is severely wounded.
You die...

...........# #.#.##.......).#.#
...##......# #...#............#
...##.##.#.# #...#.###...######
......##.#.# ##.##.# ##### ##
#..##.##.#.# #....# ##.
#.###.##.#.# ####.#### ##..
#..##....<.# #.##.## ##...
....###....#########.#...####....
#...+[.........y@...........'....
#...#.......##########...####....
#..#.........# #..## ##)..
..##.........# #.## ##..
.###.........# #.#########. ##
##.......## #.........## #
###.....## ##..######.## #
........# ##.#.######.##
###.###.##.# #.###....##.##


You could see a hornet.

Vanquished Creatures
  An ice beast (D:4)
  A centaur (D:5)
  An ogre (D:4)
  A phantom (D:5)
  Blork the orc (D:4)
  An orc priest (D:4)
  Crazy Yiuf (D:4)
  2 bullfrog skeletons
  5 iguanas
  A centaur skeleton (D:5)
  2 hound skeletons (D:4)
  Robin (D:3)
  5 adders
  2 worms (D:2)
  An adder skeleton (D:4)
  4 dart slugs
  3 orcs (D:4)
  9 endoplasms
  2 giant cockroaches
  12 goblins
  4 hobgoblins
  A jackal (D:1)
  6 quokkas
  2 ball pythons
  2 bats (D:1)
  4 frilled lizards
  7 kobolds
  4 rats
86 creatures vanquished.

Notes
Turn   | Place    | Note
-------+----------+-------------------------------------------
     0 | D:1      | BALLS the Vine Stalker Fighter began the quest for the Orb.
     0 | D:1      | Reached XP level 1. HP: 11/11 MP: 2/2
    34 | D:1      | Found a faded altar of an unknown god.
    96 | D:1      | Reached skill level 2 in Long Blades
   146 | D:1      | Reached XP level 2. HP: 9/16 MP: 0/3
   826 | D:1      | Reached skill level 3 in Long Blades
  1009 | D:2      | Reached XP level 3. HP: 19/19 MP: 4/4
  1506 | D:2      | Found Woxo's Weapon Emporium.
  1522 | D:2      | Gained mutation: Your natural rate of healing is unusually
                  | fast. [Vine Stalker growth]
  1522 | D:2      | Reached XP level 4. HP: 20/23 MP: 5/5
  1838 | D:3      | Reached skill level 4 in Long Blades
  1918 | D:3      | Found a sacrificial altar of Ru.
  1946 | D:3      | Noticed Robin
  2010 | D:3      | Found a broken altar of Ashenzari.
  2056 | D:3      | Reached XP level 5. HP: 25/27 MP: 4/6
  2082 | D:3      | Killed Robin
  2183 | D:3      | Found a basalt altar of Yredelemnul.
  2359 | D:4      | Reached skill level 5 in Long Blades
  2376 | D:4      | Noticed an ogre
  2486 | D:4      | Found Inuo's Book Emporium.
  2517 | D:4      | Noticed Blork the orc
  2524 | D:4      | Killed Blork the orc
  2525 | D:4      | Reached XP level 6. HP: 32/32 MP: 7/7
  2598 | D:4      | Reached skill level 6 in Long Blades
  2836 | D:4      | Found a runed translucent door.
  2837 | D:4      | Noticed Crazy Yiuf
  3207 | D:4      | Killed Crazy Yiuf
  3208 | D:4      | Reached XP level 7. HP: 21/35 MP: 8/8
  3253 | D:5      | Entered Level 5 of the Dungeon
  3262 | D:4      | Reached skill level 7 in Long Blades
  3367 | D:5      | Noticed a hornet
  3695 | D:5      | Found a shadowy altar of Dithmenos.
  3874 | D:5      | Found a glowing silver altar of Zin.
  4035 | D:5      | Paralysed by a hornet for 2 turns
  4038 | D:5      | Succumbed to a hornet's poison

Illustrated notes

Levels and vault maps discovered:
D:1:      minmay_arrival_plants_in_alcoves, layout_loops_ring,
          hellmonk_ecumenical_altar_blasted, minmay_hedge_maze,
          minmay_indecisive_spiral
D:2:      layout_loops_ring, serial_shops, nicolae_diamond_shop
D:3:      layout_rooms, yredelemnul_altar_generic, ashenzari_altar_1,
          mainiacjoe_overflow_six_doors_small, minmay_misc_feat_diagonals,
          uniq_robin
D:4:      layout_basic, serial_shops, nicolae_diamond_shop, grunt_ministairs_1,
          uniq_blork_the_orc, uniq_crazy_yiuf_cottage
D:5:      layout_loops_corners, mainiacjoe_overflow_boulevard, zin_statuary,
          minmay_chambers_of_fives

Skill      XL: |  1  2  3  4  5  6  7 |
---------------+----------------------+-----
Long Blades    | 2 3 4 5 6 7 |  7.0
Fighting       | 4 |  4.9
Armour         | |  2.4
Shields        | |  2.6

Action                   |  1- 3 |  4- 6 |  7- 9 || total
-------------------------+-------+-------+-------++-------
Melee: Long sword        |    87 |   113 |    45 ||   245
       Bite              |    20 |    33 |    18 ||    71
  Use: Scroll            |       |     3 |     2 ||     5
       Potion            |       |     1 |     1 ||     2
 Stab: Invisible         |       |     1 |       ||     1
Armor: Scale mail        |    31 |    49 |    12 ||    92
Dodge: Dodged            |    35 |    47 |    21 ||   103
Block: Buckler           |    13 |       |       ||    13
       Kite shield       |    15 |    68 |    20 ||   103
